 Dungeon Crawl Stone Soup version 0.18.1-8-gdd0e5ea (webtiles) character file.

190 Shearov the Slasher (level 5, 0/41 HPs)
             Began as a Demonspawn Berserker on June 1, 2016.
             Was a Priest of Trog.
             Succumbed to a scorpion's poison
             ... on level 3 of the Dungeon.
             The game lasted 00:07:27 (2200 turns).

Shearov the Slasher (Demonspawn Berserker)          Turns: 2200, Time: 00:07:28

Health: 0/41       AC:  4    Str: 18    XL:     5   Next: 41%
Magic:  1/5        EV: 14    Int:  9    God:    Trog [***...]
Gold:   111        SH: 12    Dex: 17    Spells: 0 memorised, 4 levels left

rFire  . . .     SeeInvis .     a - +0 falchion
rCold  . . .     Gourm    .     b - +0 animal skin
rNeg   . . .     Faith    .     g - +0 large shield
rPois  .         Spirit   +     (helmet restricted)
rElec  .         Dismiss  .     n - +0 cloak
rCorr  .         Reflect  .     (no gloves)
SustAt .         Harm     .     (no boots)
MR     .....                    (no amulet)
Stlth  +++.......               (no ring)
                                (no ring)

@: agile, lethally poisoned (0 -> -2), not resistant to hostile enchantments,
fairly stealthy
A: antennae 1, icy blue scales 1, mutation resistance 1, powered by death 1,
regeneration 1, magic shield
a: Berserk, Trog's Hand, Burn Spellbooks, Renounce Religion


You were on level 3 of the Dungeon.
You worshipped Trog.
Trog was most pleased with you.
You were not hungry.

You visited 1 branch of the dungeon, and saw 3 of its levels.

You collected 111 gold pieces.

Inventory:

Hand Weapons
 a - a +0 falchion (weapon)
 k - a +0 hunting sling of flaming
 u - a +0 arbalest
Armour
 b - a +0 animal skin (worn)
 g - a +0 large shield (worn)
 n - a +0 cloak (worn)
 t - a +0 plate armour
Jewellery
 q - a +3 ring of intelligence {unknown}
Scrolls
 d - a scroll of fog {unknown}
 e - a scroll of teleportation {unknown}
 f - 3 scrolls of remove curse {unknown}
 i - 4 scrolls of identify {unknown}
 s - a scroll of immolation {unknown}
 w - a scroll of blinking {unknown}
Potions
 v - a potion of lignification {unknown}
Books
 m - a book of Callings

   Spells                             Type                      Level
   a - Summon Small Mammal            Summoning                    1
   b - Call Imp                       Summoning                    2
   c - Call Canine Familiar           Summoning                    3
   d - Summon Guardian Golem          Hexes/Summoning              3
   e - Summon Lightning Spire         Summoning/Air                4
   f - Summon Ice Beast               Ice/Summoning                4
   Trog disapproves of the use of such an item.
Comestibles
 c - 7 bread rations
 h - 2 meat rations
 j - 2 slices of pizza


   Skills:
 + Level 3.5 Fighting
 * Level 3.7 Long Blades
 * Level 2.7 Armour
 + Level 3.0 Dodging
 + Level 0.2 Stealth
 + Level 1.3 Shields


You had 4 spell levels left.
You didn't know any spells.

Dungeon Overview and Level Annotations

Branches:
Dungeon (3/15)

Altars:
Makhleb
Nemelex Xobeh
Ru
Zin
The Shining One


Innate Abilities, Weirdness & Mutations

You have a pair of small antennae on your head.
You are partially covered in icy blue scales (AC +1).
You regenerate a little health from kills.
When hurt, damage is shared between your health and your magic reserves.
You are somewhat resistant to further mutation.
Your natural rate of healing is unusually fast.


Message History

You barely miss the scorpion.
You feel less regenerative. The scorpion stings you.
* * * LOW HITPOINT WARNING * * *
You are poisoned.
The scorpion poisons you! The scorpion barely misses you.
You closely miss the scorpion.
You feel sick. The scorpion stings you.
* * * LOW HITPOINT WARNING * * *
You slash the scorpion!
The scorpion is heavily wounded.
* * * LOW HITPOINT WARNING * * *
You feel sick. The scorpion misses you.
You hit the scorpion but do no damage.
The scorpion is heavily wounded.
* * * LOW HITPOINT WARNING * * *
You feel sick.
The scorpion stings you but does no damage.
You hit the scorpion.
The scorpion is severely wounded.
You die...

...# ##..### #.#.# ....
....... #.#.#
....≈≈≈≈.≈≈≈≈≈..# #.#.#
....≈≈≈≈.≈≈≈≈≈..## #.#.#
....≈≈≈≈.≈≈≈≈≈... #.#.#
....≈≈≈≈.≈≈≈≈≈.#####.#.##
....≈≈≈≈..............).#
###.......≈≈≈≈..####.####
#.≈≈≈≈≈.≈≈≈≈.)@.......#
##.≈≈≈≈≈.≈≈≈≈.s#.##..###
#..≈≈≈≈≈.≈≈≈≈.†#.##..#
#..≈≈≈≈≈.≈≈≈≈..#.##..#
##..............#.##(.#
...#...###....#.#<##..#
####...# #....#.#.##..#
#...# #....#.#.....#
#...# #....#.#####.#


You could see a scorpion.

Vanquished Creatures
  9 adders
  2 worms
  8 dart slugs
  2 giant geckos
  2 orcs (D:3)
  A ball python (D:3)
  8 bats
  2 giant cockroaches
  11 goblins
  7 hobgoblins
  10 jackals
  A quokka (D:3)
  5 giant newts
  9 kobolds
  8 rats
85 creatures vanquished.

Notes
Turn   | Place    | Note
--------------------------------------------------------------
     0 | D:1      | Shearov the Demonspawn Berserker began the quest for the Orb.
     0 | D:1      | Reached XP level 1. HP: 18/18 MP: 1/1
   125 | D:1      | Gained mutation: You regenerate a little health from kills. [demonic ancestry]
   125 | D:1      | Reached XP level 2. HP: 20/24 MP: 2/2
   568 | D:1      | Reached ** piety under Trog
   621 | D:1      | Gained mutation: You have a pair of small antennae on your head. [demonic ancestry]
   621 | D:1      | Reached XP level 3. HP: 29/29 MP: 3/3
   786 | D:2      | Found a sacrificial altar of Ru.
  1066 | D:2      | Gained mutation: You are partially covered in icy blue scales (AC +1). [demonic ancestry]
  1066 | D:2      | Reached XP level 4. HP: 35/35 MP: 4/4
  1161 | D:2      | Found a glowing golden altar of the Shining One.
  1226 | D:2      | Found a sparkling altar of Nemelex Xobeh.
  1242 | D:2      | Reached skill level 1 in Shields
  1327 | D:3      | Reached *** piety under Trog
  1607 | D:3      | Found a burning altar of Makhleb.
  1621 | D:3      | Noticed a cacodemon
  1712 | D:3      | Gained mutation: When hurt, damage is shared between your health and your magic reserves. [demonic ancestry]
  1712 | D:3      | Reached XP level 5. HP: 29/41 MP: 5/5
  2055 | D:3      | Found a glowing silver altar of Zin.
  2055 | D:3      | Noticed an angel
  2193 | D:3      | Gained mutation: Your natural rate of healing is unusually fast. [potion of mutation]
  2193 | D:3      | Gained mutation: You are somewhat resistant to further mutation. [potion of mutation]
  2197 | D:3      | HP: 2/41 [scorpion (5)]
  2200 | D:3      | Succumbed to a scorpion's poison

Skill      XL: |  1  2  3  4  5 |
---------------+----------------+-----
Long Blades    | 3 |  3.7
Dodging        | 2 3 |  3.0
Armour         | 2 |  2.7
Shields        | 1 |  1.3
Fighting       | |  3.5
Stealth        | |  0.2

Action                   |  1- 3 |  4- 6 || total
-------------------------+-------+-------++-------
Melee: Falchion          |   133 |   212 ||   345
  Use: Potion            |       |     4 ||     4
 Stab: Sleeping          |     2 |     3 ||     5
  Eat: Chunk             |       |     5 ||     5
Armor: Animal skin       |    41 |    50 ||    91
Dodge: Dodged            |    66 |    83 ||   149
Block: Large shield      |   112 |   163 ||   275
